 Dungeon Crawl Stone Soup version 0.14-a0-2100-g3cf34dd (webtiles) character file.

105 MirrMurr the Scratcher (level 3, -4/15 HPs)
             Began as a Felid Transmuter on Jan 26, 2014.
             Slain by a worm (12 damage)
             ... on Level 2 of the Dungeon.
             The game lasted 00:03:57 (1966 turns).

MirrMurr the Scratcher (Felid Transmuter)           Turns: 1966, Time: 00:03:57

HP  -4/15        AC  1     Str  7      XL: 3   Next: 26%
MP   7/8         EV 18     Int 14      God:
Gold 66          SH  0     Dex 16      Spells:  2 memorised,  2 levels left
Lives: 0, deaths: 0

rFire  . . .     SeeInvis +       - Unarmed
rCold  . . .     Clarity  .     (armour unavailable)
rNeg   . . .     Conserve .     (shield unavailable)
rPois  .         rCorr    .     (helmet unavailable)
rElec  .         rRot     .     (cloak unavailable)
SustAb . .       Spirit   .     (gloves unavailable)
rMut   .         Warding  .     (boots unavailable)
Saprov . . .     Stasis   .     (no amulet)
MR     .....                    (no ring)
                                (no ring)

@: appendage, quick, not resistant to hostile enchantments, fairly stealthy
A: paw claws, no armour, no advanced items, fangs 3, horns 2, see invisible,
carnivore 3, speed 1, shaggy fur 1, slow metabolism 1, jump 1
a: Jump Attack, End Transformation


You were on level 2 of the Dungeon.
You were very full.
You had grown temporary horns.
You visited 1 branch of the dungeon, and saw 2 of its levels.

You collected 66 gold pieces.

Inventory:

Missiles
 b - 12 arrows
Comestibles
 a - a meat ration
Scrolls
 c - a scroll of teleportation
 g - a scroll of random uselessness {unknown}
 h - a scroll of identify {unknown}
 j - a scroll of fear
 m - a scroll of noise {unknown}
Jewellery
 f - an uncursed amulet of rage {unknown}
 k - a +6 ring of evasion {unknown}
Potions
 e - a potion of curing {unknown}
 i - a potion of paralysis {unknown}
 l - a potion of speed {unknown}
Books
 d - a book of Changes

   Spells                             Type                      Level
   *Beastly Appendage                 Transmutation                1
   Sticks to Snakes                   Transmutation                2
   *Spider Form                       Transmutation/Poison         3
   Ice Form                           Ice/Transmutation            4
   Blade Hands                        Transmutation                5


   Skills:
 - Level 1.0 Fighting
 - Level 2.6 Dodging
 * Level 4.4 Unarmed Combat
 - Level 2.0 Spellcasting
 + Level 2.1 Transmutations


You had 2 spell levels left.
You knew the following spells:

 Your Spells              Type           Power        Failure   Level  Hunger
a - Beastly Appendage     Trmt           #.....       12%         1    ##.....
b - Spider Form           Trmt/Pois      #.........   47%         3    ####...


Dungeon Overview and Level Annotations

Branches:
Dungeon (2/16)

Altars:


Innate Abilities, Weirdness & Mutations

You cannot wear armour.
You are incapable of any advanced item manipulation.
Your paws have sharp claws.*
You have razor-sharp teeth.*
You have supernaturally acute eyesight.
You are carnivorous and can eat meat at any time.
You cover ground quickly.*
You are covered in fur (AC +1).*
You have a slow metabolism.
You can jump attack at a short distance.
You have a pair of horns on your head.*


Message History

The kobold throws a dart of flame.
The dart of flame hits you!
You see here a dart of flame.
You pounce on the unaware helpless worm!
You claw the worm!
The worm is moderately wounded.
The worm bites you.
The kobold throws a dart of flame.
The dart of flame hits you!
You see here a dart of flame.
The kobold throws a dart of flame.
The dart of flame misses you.
The kobold throws a dart of flame.
The dart of flame misses you.
Casting: Beastly Appendage
Confirm with . or Enter, or press ? or * to list all spells.
You grow a pair of large bovine horns.
You claw the worm! Your headbutt misses the worm.
The worm is heavily wounded.
You scratch the worm but do no damage. You bite the worm.
The worm is heavily wounded.
The worm bites you!
Ouch! That really hurt!
You die...

...# #.. ..# #..# #.
#.### #..# #... #...#
#.># #... #...# ###..#
#... #...###....# #.>.
#....##....# #.#...
#..(.##....###.#...
####w@................
#..(########..###.....
#..(# #....###.#.
#...# #....###.#.
#....## #..........
#.##. ##.#####.#. #.
#. #.##....#. # #.
#......... #.
###.......


You could see a worm.

Vanquished Creatures
  An adder (D:1)
  A giant cockroach (D:1)
  A hobgoblin (D:1)
  5 kobolds (D:1)
  A ball python (D:1)
  6 bats (D:1)
  A giant gecko (D:1)
  A giant newt (D:2)
  7 goblins
  6 rats
30 creatures vanquished.

Notes
Turn   | Place    | Note
--------------------------------------------------------------
     0 | D:1      | MirrMurr, the Felid Transmuter, began the quest for the Orb.
     0 | D:1      | Reached XP level 1. HP: 9/9 MP: 4/4
   111 | D:1      | Reached XP level 2. HP: 10/12 MP: 5/5
   820 | D:1      | Reached skill level 4 in Unarmed Combat
  1188 | D:1      | Reached XP level 3. HP: 3/15 MP: 3/8
  1530 | D:1      | Learned a level 3 spell: Spider Form
  1966 | D:2      | Slain by a worm

Action                   || total
-------------------------++-------
Melee: Unarmed           ||    74
 Cast: Beastly Appendage ||     4
  Use: Scroll            ||     2
 Stab: Sleeping          ||     4
